 Seeded DCSS version 0.28-a0-1567-g1695149f81 (webtiles) character file.

Game seed: 2144 (custom seed)

89 knot the Chopper (level 4, 14/35 HPs)
             Began as a Demonspawn Berserker on Jan 20, 2022.
             Was a Follower of Trog.
             Quit the game on level 3 of the Dungeon.
             The game lasted 00:01:35 (2430 turns).

knot the Chopper (Demonspawn Berserker)             Turns: 2430, Time: 00:01:36

Health: 14/35      AC:  2    Str: 17    XL:     4   Next: 31%
Magic:  4/4        EV:  9    Int: 10    God:    Trog [*.....]
Gold:   100        SH:  0    Dex: 13    Spells: 3/3 levels left

rFire   . . .      SeeInvis .   a - +0 hand axe
rCold   . . .      Faith    .   (no shield)
rNeg    . . .      Spirit   .   b - +0 animal skin
rPois   .          Reflect  .   (no helmet)
rElec   .          Harm     .   (no cloak)
rCorr   .          Rampage  .   (no gloves)
Will    .....                   (no boots)
Stlth   +.........              (no amulet)
HPRegen 0.11/turn               (no ring)
MPRegen 0.09/turn               (no ring)

@: confused, on berserk cooldown, slowed, constricted, very slow
A: condensation shield, weakness stinger 1
a: Renounce Religion, Berserk


You were on level 3 of the Dungeon.
You worshipped Trog.
Trog was aware of your devotion.
You visited 1 branch of the dungeon, and saw 3 of its levels.

You collected 100 gold pieces.

Inventory:

Hand Weapons
 a - a +0 hand axe (weapon)
Missiles
 d - 63 stones (quivered)
 h - 9 poisoned darts
 i - 26 sling bullets
Armour
 b - a +0 animal skin (worn)
Jewellery
 e - a ring of protection from cold
Scrolls
 c - a scroll of noise {unknown}
 f - a scroll of acquirement {unknown}
 k - a scroll of immolation {unknown}
 l - 2 scrolls of magic mapping {unknown}
 o - a scroll of vulnerability {unknown}
 p - a scroll of holy word {unknown}
 q - a scroll of identify {unknown}
Potions
 g - a potion of might {unknown}
 j - 2 potions of haste {unknown}
 m - a potion of cancellation {unknown}
 n - a potion of flight {unknown}


   Skills:
 - Level 3.0 Fighting
 + Level 4.7 Axes
 - Level 1.7 Armour
 - Level 1.7 Dodging


You had 3 spell levels left.
You didn't know any spells.
Your spell library contained the following spells:

 Spells                   Type           Power      Damage    Failure   Level
 Magic Dart               Conj           0%         1d3       36%         1
 Searing Ray              Conj           0%         2d4       50%         2
 Fulminant Prism          Conj/Hex       0%         3d6       98%         4


Dungeon Overview and Level Annotations

Branches:
Dungeon (3/15)

Altars:
Fedhas


Innate Abilities, Weirdness & Mutations

A meltable shield of frost defends you. (SH +4)
You have a small tail.


Message History

You feel agile.
Your demonic ancestry asserts itself...
Frost condenses into a shield before you.
Are you sure you want to abandon this character and quit the game? (Confirm with "yes".)
Okay, then.
The hobgoblin hits you.
You hit the hobgoblin.
You kill the hobgoblin!
Trog accepts your kill.
You closely miss something. Something hits you.
You miss something. Something hits you.
You are too injured to fight recklessly!
You are too injured to fight recklessly!
You are too injured to fight recklessly!
Unknown command.
You are no longer berserk.
You are exhausted.
You feel yourself slow down.
You hit the orc. You tail-slap the orc.
You kill the orc!
Trog accepts your kill.
You hear a splash.
You hit something but do no damage. Something hits you.
You hear some strange, mumbled words.
Something tries to affect you, but you resist.
You hit the ball python but do no damage.
You closely miss something. The ball python barely misses you.
The ball python grabs you. The ball python constricts you.
You hear some strange, mumbled words.
You are confused.
The ball python bites you but does no damage.
The ball python constricts you.
You escape the ball python's grasp.
You enter the shallow water.
Moving in this stuff is going to be slow.
The ball python bites you. The ball python grabs you.
The ball python constricts you.
You hear some strange, mumbled words.
You are more confused.
Unknown command.
Unknown command.
Are you sure you want to abandon this character and quit the game? (Confirm with "yes".)

..# .# #.#.# #.#
#.#<##..#
#.#.#..# #
###.#...#
#.#...##.##
##..≈≈≈≈).##
.....≈≈{...###.
.....≈_@S......#
.....≈≈.≈.#.!.##
......≈.≈....##
######...###.#
..### .# ..# ..
.##


You could see a ball python.

Vanquished Creatures
  An orc priest (D:3)
  3 adders (D:2)
  A dart slug (D:2)
  An orc (D:3)
  4 endoplasms
  2 giant cockroaches
  4 hobgoblins
  4 ball pythons
  4 bats
  A frilled lizard (D:2)
  2 kobolds (D:1)
  4 rats (D:1)
31 creatures vanquished.

Notes
Turn   | Place    | Note
-------+----------+-------------------------------------------
     0 | D:1      | knot the Demonspawn Berserker began the quest for the Orb.
     0 | D:1      | Reached XP level 1. HP: 18/18 MP: 1/1
   172 | D:1      | Reached skill level 3 in Axes
   384 | D:1      | Gained mutation: You have a small tail. [demonic ancestry]
   384 | D:1      | Reached XP level 2. HP: 5/24 MP: 2/2
  1579 | D:2      | Reached XP level 3. HP: 26/29 MP: 3/3
  1824 | D:2      | Reached skill level 4 in Axes
  2420 | D:3      | Found a blossoming altar of Fedhas.
  2423 | D:3      | Gained mutation: A meltable shield of frost defends you.
                  | (SH +4) [demonic ancestry]
  2423 | D:3      | Reached XP level 4. HP: 32/35 MP: 4/4
  2430 | D:3      | Quit the game

Illustrated notes

Levels and vault maps discovered:
D:1:      wander_arrival_lonely_grave, layout_basic, minmay_pentomino_z2
D:2:      layout_loops_corners
D:3:      layout_rooms, fedhas_altar_2, hellmonk_ecumenical_altar_run_dry,
          minmay_snake_closets

Skill      XL: |  1  2  3 |
---------------+----------+-----
Axes           | 3 4 |  4.7
Fighting       | |  3.0
Armour         | |  1.7
Dodging        | |  1.7

Action                   |  1- 3 |  4- 6 || total
-------------------------+-------+-------++-------
Melee: Hand axe          |    80 |     4 ||    84
       Tailslap          |     6 |     1 ||     7
       Punch             |     1 |       ||     1
Invok: Berserk           |     3 |       ||     3
 Stab: Sleeping          |     2 |       ||     2
Armor: Animal skin       |    10 |     1 ||    11
Dodge: Dodged            |    69 |     1 ||    70

Table legend: (Time is in decaauts)
 A = Elapsed time spent in this place.
 B = Non-inter-level travel time spent in this place.
 C = Inter-level travel time spent in this place.
 D = Time resting spent in this place.
 E = Time spent auto-exploring this place.
 F = Levels seen in this place.
 G = Mean time per level.
                   A        B        C        D        E       F      G
               +--------+--------+--------+--------+--------+-----+--------+
         Total |   2463 |   2393 |     70 |    418 |   1776 |   3 |  821.0 |
       Dungeon |   2463 |   2393 |     70 |    418 |   1776 |   3 |  821.0 |
               +--------+--------+--------+--------+--------+-----+--------+

Top non-repeatable levels by time:
     D:2: 1312 daAuts
     D:1: 1137 daAuts
     D:3: 14 daAuts
